 Dungeon Sprint DCSS version 0.20-a0-259-gc929cd2 (webtiles) character file.

2 Kidiri the Skirmisher (level 1, 0/21 HPs)
             Began as a Naga Fighter on Dec 2, 2016.
             Was an Initiate of Cheibriados.
             Slain by an ufetubus (4 damage)
             ... in the Dungeon (Sprint VII: "The Pits").
             The game lasted 00:00:53 (115 turns).

Kidiri the Skirmisher (Naga Fighter)                 Turns: 115, Time: 00:00:53

Health: 0/21       AC:  4    Str: 19    XL:     1   Next: 40%
Magic:  1/1        EV:  5    Int:  9    God:    Cheibriados [......]
Gold:   0          SH:  8    Dex: 11    Spells: 0/0 levels left

rFire  . . .     SeeInvis +     m - +2 mace
rCold  . . .     Gourm    .     b - +0 scale mail
rNeg   . . .     Faith    .     c - +0 shield
rPois  +         Spirit   .     (no helmet)
rElec  .         Reflect  .     (no cloak)
rCorr  .         Harm     .     (no gloves)
MR     .....     NoTele   +     (no barding)
Stlth  ..........               (no amulet)
                                (no ring)
                                (no ring)

@: very slow
A: see invisible, deformed body, poison resistance, slowness 2, slow metabolism
1, spit poison 1, AC +0
a: Spit Poison, Bend Time, Renounce Religion


You were in the Dungeon.
You worshipped Cheibriados.
Cheibriados was noncommittal.
You were not hungry.

You visited 1 branch

Inventory:

Hand Weapons
 m - a +2 mace (weapon)
Armour
 b - a +0 scale mail (worn)
 c - a +0 shield (worn)
Scrolls
 k - a scroll of blinking
 n - 3 scrolls of remove curse
 o - 5 scrolls of amnesia
 p - a scroll of summoning
Potions
 a - 2 potions of invisibility
 d - a potion of might
 g - a potion of heal wounds
 i - 4 potions of magic
Comestibles
 f - 8 bread rations
 l - a chunk of flesh
 q - 40 fruits
 r - 7 meat rations


   Skills:
 * Level 3.2 Fighting
 + Level 2.2 Maces & Flails
 * Level 2.7 Armour
 + Level 0.4 Dodging
 * Level 2.6 Shields


You couldn't memorise any spells.
You didn't know any spells.

Dungeon Overview and Level Annotations

Branches:
Dungeon (1/1)

Altars:
Ashenzari
Cheibriados
Dithmenos
Elyvilon
Fedhas
Gozag
Hepliaklqana
Kikubaaqudgha
Makhleb
Nemelex Xobeh
Okawaru
Qazlal
Ru
Sif Muna
Trog
Uskayaw
Vehumet
Xom
Yredelemnul
Zin
The Shining One
Beogh
Jiyva
Lugonu


Innate Abilities, Weirdness & Mutations

You cannot wear boots.
Your serpentine skin is tough. (AC +0)
You have supernaturally acute eyesight. (SInv)
Armour fits poorly on your strangely shaped body.
Your system is resistant to poisons. (rPois)
You cover ground very slowly.
You have a slow metabolism.
You can spit poison.


Message History

You feel better.
The ufetubus hits you but does no damage.
You block the ufetubus's attack.
The ufetubus hits you but does no damage.
The ufetubus hits you.
Press: ? - help, Shift-Dir - straight line, f - ufetubus
Aim: an ufetubus (lightly wounded)
The splash of poison hits the ufetubus.
The ufetubus is severely wounded.
You feel slightly more hungry. You block the ufetubus's attack. x2
You closely miss the ufetubus.
The ufetubus is severely wounded.
The ufetubus hits you but does no damage.
You block the ufetubus's attack. The ufetubus hits you.
* * * LOW HITPOINT WARNING * * *
The ufetubus hits you.
* * * LOW HITPOINT WARNING * * *
You have got your breath back.
You block the ufetubus's attack. x2; The ufetubus hits you.
You die...

############
#__________#
#__________#
#____#####+###########++
######)))#.##...........
#.?(!+)))+.##......#..#.
##########.##...........
#.......@...+...........
#+#####5#####......#..#.
#.....##...........
#####+#####+#####++
#.......# #.......#
#.......# #...<...#
#.......#


You could see an ufetubus.

Vanquished Creatures
  An orc (D)
  A ball python (D)
2 creatures vanquished.

Notes
Turn   | Place    | Note
-------+----------+-------------------------------------------
     0 | D        | Kidiri the Naga Fighter began the quest for the Orb.
     0 | D        | Reached XP level 1. HP: 21/21 MP: 1/1
    54 | D        | Found a radiant altar of Vehumet.
    54 | D        | Found a hide-covered altar of Uskayaw.
    54 | D        | Found an ancient bone altar of Kikubaaqudgha.
    54 | D        | Found a viscous altar of Jiyva.
    54 | D        | Found a hazy altar of Hepliaklqana.
    55 | D        | Found a bloodstained altar of Trog.
    55 | D        | Found a deep blue altar of Sif Muna.
    55 | D        | Found a sacrificial altar of Ru.
    55 | D        | Found a stormy altar of Qazlal.
    55 | D        | Found an iron altar of Okawaru.
    55 | D        | Found a sparkling altar of Nemelex Xobeh.
    55 | D        | Found an opulent altar of Gozag.
    55 | D        | Found a blossoming altar of Fedhas.
    55 | D        | Found a white marble altar of Elyvilon.
    55 | D        | Found a shadowy altar of Dithmenos.
    55 | D        | Found a snail-covered altar of Cheibriados.
    56 | D        | Found a glowing golden altar of the Shining One.
    56 | D        | Found a glowing silver altar of Zin.
    57 | D        | Found a burning altar of Makhleb.
    57 | D        | Found a basalt altar of Yredelemnul.
    57 | D        | Found a roughly hewn altar of Beogh.
    58 | D        | Found a corrupted altar of Lugonu.
    58 | D        | Found a shimmering altar of Xom.
    58 | D        | Found a shattered altar of Ashenzari.
    65 | D        | Became a worshipper of Cheibriados the Contemplative
   115 | D        | Slain by an ufetubus

Vault maps used:
D:        pitsprint

Action                   || total
-------------------------++-------
Melee: Mace              ||     8
       Flail             ||     1
 Abil: Spit Poison       ||     1
  Use: Potion            ||     1
Armor: Scale mail        ||    10
Dodge: Dodged            ||     3
Block: Shield            ||    18
